 Dungeon Crawl Stone Soup version 0.24-a0-530-g18ba70b5 (webtiles) character file.

Game seed: 12876011465636980733

63638 pkoi the Spear-Bearer (level 14, -4/101 HPs)
             Began as a Demonspawn Fighter on Aug 8, 2019.
             Was the Champion of Hepliaklqana.
             Shot with an arrow by Nessos (14 damage)
             ... on level 13 of the Dungeon.
             The game lasted 00:41:08 (23765 turns).

pkoi the Spear-Bearer (Demonspawn Fighter)         Turns: 23765, Time: 00:41:10

Health: -4/101     AC: 25    Str: 19    XL:     14   Next: 68%
Magic:  20/20      EV: 14    Int: 11    God:    Hepliaklqana [******]
Gold:   1103       SH: 15    Dex: 13    Spells: 12/13 levels left

rFire    . . .     SeeInvis .   c - +2 trident (flame)
rCold    + . .     Gourm    +   o - +3 shield {reflect}
rNeg     . . .     Faith    .   G - +8 chain mail of the Alphagorgon {rCorr Str-3 Slay+2 Stlth+}
rPois    .         Spirit   .   (helmet unavailable)
rElec    +         Reflect  +   (no cloak)
rCorr    +         Harm     .   y - +1 pair of gloves
MR       +....                  (no boots)
Stlth    ..........             M - amulet of the gourmand
HPRegen  0.26/turn              k - +3 ring of evasion
MPRegen  0.17/turn              I - ring of protection from cold

@: lethally poisoned (-4 -> -38)
A: reduced essence, horns 3, icy blue scales 2, nightstalker 1, powered by death
1, screaming 1, electricity resistance, strong 1
a: Recall Ancestor, Ancestor Identity, Transference, Idealise, Renounce Religion


You were on level 13 of the Dungeon.
You worshipped Hepliaklqana.
Hepliaklqana was exalted by your worship.
You were completely stuffed.

You visited 2 branches of the dungeon, and saw 19 of its levels.
You also visited: Sewer and Volcano.

You collected 1378 gold pieces.
You spent 275 gold pieces at shops.

Inventory:

Hand Weapons
 a - a +1 trident
 c - a +2 trident of flaming (weapon)
 C - the +8 demon blade "Bloodbane" {slice, *Rage +Rage Stlth-}
   (You found it on level 6 of the Lair of Beasts)

   It inflicts extra damage upon your enemies.
   It lets you go berserk.
   It may make you go berserk in combat.
   It makes you less stealthy.
Missiles
 x - 43 poisoned darts (quivered)
Armour
 n - a +2 chain mail of fire resistance
 o - a +3 shield of reflection (worn)
 y - a +1 pair of gloves (worn)
 G - the +8 chain mail of the Alphagorgon (worn) {rCorr Str-3 Slay+2 Stlth+}
   (You bought it in a shop on level 11 of the Dungeon)

   It affects your strength (-3).
   It affects your accuracy and damage with ranged weapons and melee attacks
   (+2).
   It provides partial protection from all sources of acid and corrosion.
   It makes you more stealthy.
Jewellery
 g - an uncursed ring of see invisible
 k - a +3 ring of evasion (left hand)
 I - a ring of protection from cold (right hand)
 M - an amulet of the gourmand (around neck)
Wands
 b - a wand of acid (20)
 t - a wand of disintegration (31)
 u - a wand of enslavement (6)
 z - a wand of polymorph (9)
 A - a wand of paralysis (20)
 E - a wand of flame (37)
 L - a wand of digging (5)
Scrolls
 e - 12 scrolls of remove curse
 h - 5 scrolls of identify
 i - 5 scrolls of enchant armour
 l - 3 scrolls of magic mapping
 m - 9 scrolls of teleportation
 p - a scroll of immolation
 r - a scroll of fear
 F - 3 scrolls of enchant weapon
 H - 2 scrolls of fog
 J - a scroll of summoning
 N - a scroll of blinking
 O - a scroll of amnesia
Potions
 d - 3 potions of might
 j - 5 potions of flight
 q - 10 potions of heal wounds
 s - 3 potions of brilliance
 v - 8 potions of curing
 w - a potion of agility
 B - 2 potions of magic
 D - 5 potions of haste
 R - 2 potions of lignification
 S - a potion of berserk rage
Miscellaneous
 P - a lamp of fire
Comestibles
 f - 29 rations
 K - a chunk of flesh


   Skills:
 + Level 11.2 Fighting
 + Level 12.0 Polearms
 + Level 10.3 Armour
 + Level 10.0 Dodging
 + Level 10.4 Shields
 - Level 9.0 Invocations
 - Level 4.1 Evocations


You had 12 spell levels left.
You knew the following spells:

 Your Spells              Type           Power        Failure   Level  Hunger
a - Apportation           Tloc           #.....       99%         1    ##.....

Your spell library contained the following spells:

 Spells                   Type           Power        Failure   Level  Hunger
 Animate Skeleton         Necr           N/A          99%         1    ##.....
 Confusing Touch          Hex            #.....       99%         1    ##.....
 Summon Small Mammal      Summ           #...         99%         1    ##.....


Dungeon Overview and Level Annotations

Branches:
Dungeon (13/15)            Temple (0/1) D:7            Lair (6/6) D:10
 Shoals (0/4) Lair:4       Spider (0/4) Lair:3        Slime (0/5) Lair:5
    Orc (0/2) D:11
 Vaults: D:13-14

Altars:
Ashenzari
Dithmenos
Fedhas
Gozag
Hepliaklqana
Kikubaaqudgha
Makhleb
Nemelex Xobeh
Okawaru
Trog
Uskayaw
Vehumet
Wu Jian
The Shining One

Shops:
D:8 %   D:11 [([

Annotations:
D:13 Nessos


Innate Abilities, Weirdness & Mutations

You have a pair of large horns on your head.
You are mostly covered in icy blue scales. (AC +3)
You are slightly more attuned to the shadows.
You regenerate a little health from kills.
Your life essence is reduced to manifest your ancestor. (-10% HP)
You occasionally shout uncontrollably at your foes.
You are resistant to electric shocks. (rElec)
Your muscles are strong. (Str +2)


Message History

* * * LOW HITPOINT WARNING * * *
Attack whom?
Press: ? - help, Dir - move target cursor, f/p - Nessos
Aim: Nessos, wielding a +1 longbow of flaming and wearing a +0 centaur barding (heavily wounded, fast, poisoned)
You reach to attack!
You hit Nessos. You burn Nessos.
Nessos is severely wounded.
* * * LOW HITPOINT WARNING * * *
You feel very sick.
Nessos blinks!
Attack whom?
Press: ? - help, Dir - move target cursor, f/p - Nessos
Aim: Nessos, wielding a +1 longbow of flaming and wearing a +0 centaur barding (severely wounded, fast, poisoned)
You reach to attack!
You puncture Nessos! You burn Nessos.
Nessos is almost dead.
You feel sick.
Nessos shoots an arrow.
The arrow hits you!!
* * * LOW HITPOINT WARNING * * *
The arrow burns you.
* * * LOW HITPOINT WARNING * * *
Nessos shoots an arrow.
The arrow hits you!
You die...

#..# #..# ##.
#..##...
#..."...
####<((....
#....((....
#..c.......
###..R(.#....
......@......
#............
.....ยง.#.....
#.###..#....#
#. #..#..###
#... ## #...


You could see the friendly Inhapi the knight and Nessos.

Vanquished Creatures
  Kirke (Lair:4)
  An ironheart preserver (D:12)
  Snorg (Lair:3)
  A hydra (Lair:5)
  A two-headed ogre (D:11)
  2 centaur warriors (D:12)
  3 death yaks (Lair:5)
  Nergalle (Lair:3)
  An orb spider (Lair:3)
  3 ugly things
  4 elephants
  The ghost of Naiya55 the Ruffian, a novice TrMo (D:4)
  Joseph (D:7)
  18 spiny frogs
  6 black mambas
  A rime drake (Lair:3)
  5 komodo dragons
  3 red devils
  2 tyrant leeches (Lair:6)
  2 meliai (D:12)
  36 blink frogs
  4 dream sheep (Lair:6)
  4 hippogriffs
  A hog (Lair:4)
  A shadow (D:13)
  2 wraiths
  36 yaks
  A wyvern (D:9)
  Grum (D:10)
  A hungry ghost (D:9)
  4 vampire mosquitoes (Lair:6)
  6 water moccasins
  Duvessa (D:6)
  A hell hound (Volcano)
  8 porcupines
  5 orc warriors
  2 sky beasts
  2 phantoms
  3 black bears
  4 ice beasts
  11 centaurs
  7 ogres
  21 wolves
  7 crocodiles
  Blork the orc (D:5)
  3 big kobolds
  16 bullfrogs
  6 scorpions
  Dowan (D:6)
  2 wyvern skeletons
  10 killer bees
  3 howler monkeys
  12 wights
  An electric eel (Lair:6)
  5 crimson imps
  A centaur zombie (D:8)
  2 gnoll shamans (D:6)
  5 orc priests
  2 bullfrog skeletons
  3 hounds
  10 jellies
  A centaur skeleton (D:5)
  Jessica (D:2)
  Ijyb (D:3)
  2 iguanas
  5 orc wizards
  12 worker ants
  A howler monkey skeleton (D:11)
  15 adders
  34 gnolls
  4 river rats (Sewer)
  A shadow imp (D:5)
  3 oozes
  3 adder skeletons
  4 dart slugs
  3 worms
  4 leopard geckos
  30 orcs
  9 bats
  2 giant cockroaches
  9 goblins
  9 hobgoblins
  14 jackals
  17 kobolds
  3 quokkas
  3 ball pythons
  4 frilled lizards
  A jackal skeleton (D:5)
  A quokka skeleton (D:8)
  17 rats
523 creatures vanquished.

Vanquished Creatures (collateral kills)
  A deep elf mage (D:12)
  An elephant (Lair:6)
  A cyclops (D:12)
  A black mamba (Lair:3)
  4 spiny frogs
  2 komodo dragons
  An efreet (D:11)
  2 red devils (D:12)
  A troll (D:9)
  A meliai (D:12)
  A tyrant leech (Lair:6)
  10 blink frogs
  2 hippogriffs
  5 dream sheep
  A wyvern (D:11)
  14 yaks
  Sigmund (D:6)
  2 vampire mosquitoes (Lair:6)
  A steam dragon (Lair:5)
  5 water moccasins
  A porcupine (D:10)
  A hell hound (Volcano)
  A sky beast (D:10)
  A necrophage (D:10)
  A black bear (D:10)
  An ice beast (D:11)
  2 ogres
  A phantom (D:9)
  6 wolves
  4 centaurs
  4 crocodiles
  A big kobold (D:10)
  10 bullfrogs
  A scorpion (D:10)
  6 killer bees
  5 wights
  An electric eel (Lair:6)
  6 jellies
  A howler monkey (D:9)
  A hound (D:9)
  2 orc priests
  A gnoll shaman (D:6)
  2 centaur skeletons
  2 iguanas
  2 orc wizards
  A worker ant (D:9)
  A hound skeleton (D:9)
  13 gnolls (D:6)
  A howler monkey skeleton (D:4)
  3 adders
  2 river rats (Sewer)
  A worm (D:5)
  A dart slug (D:4)
  A leopard gecko (D:3)
  10 orcs
  2 giant cockroaches
  11 jackals
  11 kobolds
  3 ball pythons
  A frilled lizard (Sewer)
  A quokka skeleton (D:7)
  7 rats (Sewer)
  A fungus (Lair:6)
192 creatures vanquished.

Vanquished Creatures (others)
  An unseen horror (D:13)
  5 centaurs
  9 knights
  5 ancestors
  A bush (Lair:3)
  13 fungi
  38 plants
72 creatures vanquished.

Grand Total: 787 creatures vanquished

Notes
Turn   | Place    | Note
-------+----------+-------------------------------------------
     0 | D:1      | pkoi the Demonspawn Fighter began the quest for the Orb.
     0 | D:1      | Reached XP level 1. HP: 18/18 MP: 1/1
    17 | D:1      | Reached skill level 2 in Polearms
    71 | D:1      | Gained mutation: You have a pair of small horns on your
                  | head. [demonic ancestry]
    71 | D:1      | Reached XP level 2. HP: 23/24 MP: 2/2
   434 | D:2      | Reached skill level 3 in Polearms
   498 | D:2      | Found a sparkling altar of Nemelex Xobeh.
   660 | D:2      | Noticed Jessica
   666 | D:2      | Gained mutation: You are slightly more attuned to the
                  | shadows. [demonic ancestry]
   666 | D:2      | Reached XP level 3. HP: 23/29 MP: 3/3
   672 | D:2      | Killed Jessica
   696 | D:2      | Gained mutation: You are resistant to electric shocks.
                  | (rElec) [potion of mutation]
   696 | D:2      | Gained mutation: You occasionally shout uncontrollably at
                  | your foes. [potion of mutation]
   696 | D:2      | Gained mutation: Your muscles are strong. (Str +2) [potion
                  | of mutation]
  1097 | D:2      | Gained mutation: You are partially covered in icy blue
                  | scales. (AC +2) [demonic ancestry]
  1097 | D:2      | Reached XP level 4. HP: 35/35 MP: 4/4
  1100 | D:2      | Reached skill level 4 in Polearms
  1585 | D:3      | Found an iron altar of Okawaru.
  1586 | D:3      | Noticed Ijyb
  1598 | D:3      | Killed Ijyb
  1598 | D:3      | Reached skill level 5 in Polearms
  1598 | D:3      | Gained mutation: You have a pair of horns on your head.
                  | [demonic ancestry]
  1598 | D:3      | Reached XP level 5. HP: 40/41 MP: 5/5
  1703 | D:3      | Found a hazy altar of Hepliaklqana.
  1714 | D:3      | Became a worshipper of Hepliaklqana the Forgotten
  1768 | D:3      | Found a glowing golden altar of the Shining One.
  1871 | D:3      | Found a radiant altar of Vehumet.
  1981 | D:3      | Found a glowing drain.
  1988 | Sewer    | Entered a sewer
  2358 | Sewer    | Gained mutation: You are mostly covered in icy blue scales.
                  | (AC +3) [demonic ancestry]
  2358 | Sewer    | Reached XP level 6. HP: 39/42 MP: 6/6
  2404 | Sewer    | Reached skill level 6 in Polearms
  2722 | D:4      | Found a runed translucent gate.
  2722 | D:4      | Found a runed translucent gate.
  2722 | D:4      | Found a runed translucent gate.
  2722 | D:4      | Found an opulent altar of Gozag.
  2783 | D:4      | Reached skill level 7 in Polearms
  2783 | D:4      | Reached XP level 7. HP: 46/46 MP: 7/7
  3509 | D:4      | Noticed Naiya55's ghost (novice TrMo)
  3540 | D:4      | Reached skill level 1 in Dodging
  3801 | D:4      | Found a hide-covered altar of Uskayaw.
  4259 | D:5      | Entered Level 5 of the Dungeon
  4405 | D:5      | Reached XP level 8. HP: 40/54 MP: 8/8
  4865 | D:5      | Reached * piety under Hepliaklqana
  4900 | D:5      | Found a shadowy altar of Dithmenos.
  5086 | D:5      | Found a burning altar of Makhleb.
  5109 | D:5      | Noticed Blork the orc
  5115 | D:5      | Killed Blork the orc
  5857 | D:5      | Reached skill level 8 in Polearms
  6091 | D:6      | Reached XP level 9. HP: 47/60 MP: 9/9
  6104 | D:6      | Reached skill level 5 in Fighting
  6487 | D:6      | Noticed Sigmund
  6530 | D:6      | Killed Sigmund
  6935 | D:6      | Found a bloodstained altar of Trog.
  7033 | D:6      | Reached skill level 5 in Shields
  7054 | D:6      | Reached skill level 5 in Armour
  7484 | D:6      | Noticed Duvessa
  7484 | D:6      | Noticed Dowan
  7633 | D:7      | Reached ** piety under Hepliaklqana
  7634 | D:7      | Remembered your ancestor Inhapi as a knight
  8437 | D:7      | Found a shattered altar of Ashenzari.
  8446 | D:7      | Noticed Joseph
  8469 | D:7      | Killed Joseph
  8469 | D:7      | Gained mutation: You have a pair of large horns on your
                  | head. [demonic ancestry]
  8469 | D:7      | Reached XP level 10. HP: 60/68 MP: 10/10
  8576 | D:7      | Reached skill level 5 in Dodging
  8629 | D:7      | Found an ancient bone altar of Kikubaaqudgha.
  8629 | D:7      | Found a staircase to the Ecumenical Temple.
  8817 | D:7      | Reached skill level 9 in Polearms
  9147 | D:8      | Found a blossoming altar of Fedhas.
  9271 | D:8      | Reached *** piety under Hepliaklqana
  9526 | D:8      | Found Baluatex's Food Shop.
  9554 | D:8      | Found an ornate altar of the Wu Jian Council.
 10388 | D:10     | Entered Level 10 of the Dungeon
 10412 | D:10     | Noticed Grum
 10426 | D:10     | Killed Grum
 10994 | D:10     | Reached XP level 11. HP: 75/75 MP: 11/11
 11086 | D:9      | Reached skill level 1 in Invocations
 11295 | D:10     | Reached **** piety under Hepliaklqana
 11378 | D:10     | Noticed a death knight
 11380 | D:10     | Noticed a seven-headed hydra
 11380 | D:10     | Noticed an ogre mage
 11381 | D:10     | Noticed an orc knight
 11755 | D:10     | Found a staircase to the Lair.
 12075 | D:11     | Found Ohojaom's Weapon Emporium.
 12079 | D:11     | Found a staircase to the Orcish Mines.
 12087 | D:11     | Found Jaigar's Armour Emporium.
 12126 | D:11     | Noticed a two-headed ogre
 12136 | D:11     | Killed a two-headed ogre
 12136 | D:11     | Reached skill level 10 in Polearms
 12721 | D:11     | Reached ***** piety under Hepliaklqana
 12875 | D:11     | Found Hinohu Taeki's Antique Armour Emporium.
 12882 | D:11     | Bought a distressingly furry chain mail for 275 gold pieces
 12882 | D:11     | Identified the +8 chain mail of the Alphagorgon {rCorr
                  | Str-3 Slay+2 Stlth+} (You bought it in a shop on level 11
                  | of the Dungeon)
 13013 | Lair:1   | Entered Level 1 of the Lair of Beasts
 13393 | Lair:1   | Reached skill level 5 in Invocations
 13393 | Lair:1   | Gained mutation: You regenerate a little health from kills.
                  | [demonic ancestry]
 13393 | Lair:1   | Reached XP level 12. HP: 76/84 MP: 15/15
 13543 | Lair:1   | Learned a level 1 spell: Apportation
 14986 | Lair:3   | Noticed Nergalle
 15009 | Lair:3   | Killed Nergalle
 15027 | Lair:3   | Found a dark tunnel.
 15042 | Volcano  | Entered a volcano
 15352 | Lair:3   | Noticed Snorg
 15368 | Lair:3   | Killed Snorg
 16535 | Lair:3   | Found a hole to the Spider Nest.
 16625 | Lair:4   | Noticed Kirke
 16626 | Lair:4   | Reached XP level 13. HP: 90/90 MP: 18/18
 16827 | Lair:4   | Reached skill level 11 in Polearms
 17262 | Lair:4   | Found a staircase to the Shoals.
 17511 | Lair:4   | Killed Kirke
 17511 | Lair:4   | Reached skill level 10 in Fighting
 17754 | Lair:5   | Reached ****** piety under Hepliaklqana
 18072 | Lair:5   | Found a staircase to the Slime Pits.
 18152 | Lair:5   | Reached skill level 1 in Evocations
 18885 | Lair:6   | Entered Level 6 of the Lair of Beasts
 19451 | Lair:5   | Reached XP level 14. HP: 36/99 MP: 20/20
 20632 | Lair:6   | Reached skill level 10 in Shields
 20693 | Lair:6   | Reached skill level 10 in Armour
 20965 | Lair:6   | Found the +8 demon blade "Bloodbane" {slice, *Rage +Rage
                  | Stlth-}
 21958 | D:4      | Killed Naiya55's ghost
 22024 | D:6      | Killed Dowan
 22368 | D:6      | Killed Duvessa
 22659 | D:12     | Got a pair of faintly humming gloves
 22660 | D:12     | Identified the cursed +0 pair of gloves of Rationality {MR-
                  | Dex+5} (You found it on level 12 of the Dungeon)
 23644 | D:12     | Reached skill level 12 in Polearms
 23658 | D:13     | Noticed Nessos
 23684 | D:13     | Noticed an ironheart preserver
 23724 | D:12     | Killed an ironheart preserver
 23724 | D:12     | Reached skill level 10 in Dodging
 23765 | D:13     | Shot with an arrow by Nessos

Levels and vault maps discovered:
D:1:      dpeg_arrival_tiny_a, layout_basic, minmay_pentomino_r4
D:2:      layout_basic, nemelex_xobeh_ov_fountains_minmay, first_ration,
          uniq_jessica
D:3:      layout_rooms, overflow_temple_1_default, old_standard_altar,
          overflow_temple_1_default, nicolae_overflow_hidden_temple,
          gup_sewer_entry_bubbles, minmay_misc_feat_enclosed, uniq_ijyb
D:4:      layout_loops_ring, eat_drink_and_be_merry_uskayaw,
          ebering_ghost_gozag, feat_on_display
D:5:      layout_basic, makhleb_grotto_becter, kennysheep_mini,
          uniq_blork_the_orc
D:6:      lemuel_castle_with_subvaults [lemuel_castle_interior_carwin_1],
          layout_basic, lemuel_crystal_altar, minmay_quadrilaterals,
          uniq_duvessa, uniq_sigmund
D:7:      minmay_angry_zag, layout_cave_pools, lemuel_round_altar,
          minmay_temple_entry_crystal_x, basic_altar, uniq_joseph
D:8:      layout_loops_corners, nicolae_overflow_crystal_walls,
          marbit_many_paths, serial_shops, shop
D:9:      layout_roguey
D:10:     layout_gridville, minmay_lair_entry_grove, blue_anna_alchemist
          [blue_anna_fruit_fields, blue_anna_fruit_fields], minivault_12,
          uniq_grum
D:11:     layout_long_grid, orc_david_3, serial_shops, nicolae_shop_waterfront
D:12:     layout_roguey, einodemon_armed_red_devil_minivault
D:13:     layout_rooms, skrybe_vaults_entry_preservation, uniq_nessos
Lair:1:   layout_hall_layers, grunt_megastairs_2, lemuel_fruit_tree
Lair:2:   layout_loops_ring, grunt_megastairs_1, infiniplex_staircase_pool_2
Lair:3:   layout_hall_layers, nicolae_spider_entry_orb_guardian,
          enter_volcano_1, serial_bayou_pond_b, uniq_nergalle, uniq_snorg
Lair:4:   layout_long_grid, minmay_shoals_entry_centaurs, uniq_kirke
Lair:5:   layout_layer_cave, minmay_slime_entry_jelly_boxes, serial_rivers,
          chequers_serial_rivers_micro_b, chequers_serial_rivers_micro_c,
          chequers_serial_rivers_micro_b, chequers_serial_rivers_room_a,
          chequers_serial_rivers_large_b
Lair:6:   minmay_lair_end_frog_pond, layout_cave_pods

Skill      XL: |  1  2  3  4  5  6  7  8  9 10 11 12 13 14 |
---------------+-------------------------------------------+-----
Polearms       | 2 3 5 7 8 9 10 11 12 | 12.0
Armour         | 3 4 5 6 7 8 9 10 | 10.3
Dodging        | 1 3 4 6 7 8 9 10 | 10.0
Shields        | 3 4 5 6 7 8 9 10 | 10.4
Fighting       | 4 6 7 8 9 10 11 | 11.2
Invocations    | 5 7 9 |  9.0
Evocations     | 2 4 |  4.1

Action                   |  1- 3 |  4- 6 |  7- 9 | 10-12 | 13-15 || total
-------------------------+-------+-------+-------+-------+-------++-------
Melee: Trident           |    96 |   218 |   543 |   888 |   809 ||  2554
       Headbutt          |    10 |    33 |    69 |   162 |   157 ||   431
Invok: Recall Ancestor   |       |       |     6 |     8 |     2 ||    16
       Ancestor Life: Kn |       |       |     1 |       |       ||     1
  Use: Potion            |     2 |       |       |    11 |       ||    13
       Scroll            |       |       |    13 |     8 |     5 ||    26
 Stab: Distracted        |       |       |     5 |     4 |     4 ||    13
       Held in net/web   |       |       |     2 |       |       ||     2
       Invisible         |       |       |       |     5 |       ||     5
  Eat: Chunk             |       |     6 |    16 |    42 |    23 ||    87
       Ration            |       |       |     1 |     1 |       ||     2
Armor: Scale mail        |    38 |    97 |   100 |       |       ||   235
       Chain mail        |       |       |    75 |   283 |   223 ||   581
Dodge: Dodged            |    27 |    57 |   113 |   290 |   295 ||   782
Block: Shield            |    45 |   100 |   282 |   567 |   491 ||  1485
       Reflection        |       |       |    17 |    23 |    12 ||    52

Table legend:
 A = Non-vault XP
 B = Vault XP
 C = Vault XP percentage of total XP
 D = Non-vault monster count
 E = Vault monster count
 F = Vault count percentage of total count
                 A         B        C        D         E       F
            +---------+---------+-------+---------+---------+-------
      Total |   60779 |   30133 |  33.1 |     483 |     237 |  32.9
            +---------+---------+-------+---------+---------+-------
        D:1 |      25 |       4 |  13.8 |      15 |       3 |  16.7
        D:2 |      63 |      37 |  37.0 |      22 |       1 |   4.3
        D:3 |      89 |      47 |  34.6 |      21 |       6 |  22.2
        D:4 |     906 |     524 |  36.6 |      36 |       3 |   7.7
        D:5 |    1137 |     142 |  11.1 |      27 |       2 |   6.9
        D:6 |     971 |    1309 |  57.4 |      22 |      61 |  73.5
        D:7 |    1363 |     702 |  34.0 |      27 |       6 |  18.2
        D:8 |     658 |       3 |   0.5 |      13 |       1 |   7.1
        D:9 |    2264 |     111 |   4.7 |      26 |       1 |   3.7
       D:10 |    4412 |    1867 |  29.7 |      39 |      16 |  29.1
       D:11 |    3551 |      12 |   0.3 |      31 |       4 |  11.4
       D:12 |    6955 |    3768 |  35.1 |      42 |       7 |  14.3
       D:13 |     192 |     302 |  61.1 |       2 |       2 |  50.0
     Lair:1 |    4400 |       0 |   0.0 |      19 |       0 |   0.0
     Lair:2 |    2074 |     724 |  25.9 |      11 |       4 |  26.7
     Lair:3 |    6917 |    2893 |  29.5 |      37 |       4 |   9.8
     Lair:4 |    7894 |    2508 |  24.1 |      36 |       5 |  12.2
     Lair:5 |    9751 |    2377 |  19.6 |      30 |      16 |  34.8
     Lair:6 |    7157 |   11392 |  61.4 |      27 |      43 |  61.4
      Sewer |       0 |     249 | 100.0 |       0 |      48 | 100.0
    Volcano |       0 |    1162 | 100.0 |       0 |       4 | 100.0
            +---------+---------+-------+---------+---------+-------
